 Dungeon Crawl Stone Soup version 0.29.0-13-gc9e81de378 (webtiles) character file.

Game seed: 6040674172669550031

6 Ofeo the Firebug (level 2, 20/20 HPs)
             Began as a Meteoran Fire Elementalist on Sept 9, 2022.
             Quit the game on level 1 of the Dungeon.
             The game lasted 00:00:37 (94 turns).

Ofeo the Firebug (Meteoran Fire Elementalist)         Turns: 94, Time: 00:00:38

Health: 20/20      AC:  2    Str:  9    XL:     2   Next: 11%
Magic:  3/6        EV: 12    Int: 16    God:
Gold:   30         SH:  0    Dex: 14    Spells: 5/6 levels left

rFire   . . .      SeeInvis .   (no weapon)
rCold   . . .      Faith    .   (no shield)
rNeg    . . .      Spirit   .   a - +0 robe
rPois   .          Reflect  .   (no helmet)
rElec   .          Harm     .   (no cloak)
rCorr   .          Rampage  .   (no gloves)
Will    .....                   (no boots)
Stlth   +.........              (no amulet)
HPRegen 0.06/turn               (no ring)
MPRegen 0.10/turn               (no ring)

@: glowing
A: sense surroundings 1, otherworldly, glowing, explore regen
a: no special abilities


You were on level 1 of the Dungeon.
You visited 1 branch of the dungeon, and saw 1 of its levels.

You collected 30 gold pieces.

Inventory:

Armour
 a - a +0 robe (worn)
Potions
 b - a potion of magic


   Skills:
 + Level 2.5 Dodging
 + Level 1.5 Stealth
 + Level 2.8 Spellcasting
 + Level 1.4 Conjurations
 + Level 3.7 Fire Magic


You had 5 spell levels left.
You knew the following spells:

 Your Spells              Type           Power      Damage    Failure   Level
a - Foxfire               Conj/Fire      40%        2x1d6     7%          1

Your spell library contained the following spells:

 Spells                   Type           Power      Damage    Failure   Level
 Scorch                   Fire           28%        2d6       6%          2
 Conjure Flame            Conj/Fire      10%        6-21      21%         3
 Inner Flame              Hex/Fire       8%         N/A       26%         3
 Gell's Gravitas          Tloc           2%         N/A       50%         3
 Lesser Beckoning         Tloc           2%         N/A       50%         3
 Teleport Other           Tloc           2%         N/A       50%         3
 Flame Wave               Conj/Fire      10%        2d6       54%         4


Dungeon Overview and Level Annotations

Branches:
Dungeon (1/15) Zot: 506

Altars:


Innate Abilities, Weirdness & Mutations

You passively map a small area around you.
You are easily found by Zot.
You glow in the dark.
You regain HP and MP as you explore.


Message History

Casting: Foxfire (safe; 7% risk of failure)
Confirm with . or Enter, or press ? or * to list all spells.
You conjure some foxfire!
The foxfire hits the goblin.
You kill the goblin!
Your foxfire dissipates!
MP restored: 5 Your foxfire dissipates!
Your foxfire dissipates!
A kobold and a frilled lizard come into view.
The kobold shouts!
You regained 3 hp, and now have 13/14 hp.
Found 3 stones.
Casting: Foxfire (safe; 7% risk of failure)
Confirm with . or Enter, or press ? or * to list all spells.
You conjure some foxfire!
You now have 4/5 mp.
Sorry, you're not good enough to have a special ability.
Casting: Foxfire (safe; 7% risk of failure)
Confirm with . or Enter, or press ? or * to list all spells.
You conjure some foxfire!
The foxfire hits the frilled lizard.
You kill the frilled lizard!
The foxfire hits the kobold.
The kobold is heavily wounded.
You have reached level 2!
You regained 5 hp, and now have 18/20 hp.
You now have 3/6 mp.
Casting: Foxfire (safe; 7% risk of failure)
Confirm with . or Enter, or press ? or * to list all spells.
You conjure some foxfire!
The foxfire hits the kobold.
You kill the kobold!
You now have 2/6 mp.
Your foxfire dissipates!
Your foxfire dissipates! x2
Health restored: 20 A hobgoblin comes into view.
A bat comes into view.
The bat barely misses you.
You barely miss the bat. The bat closely misses you.
The bat hits you but does no damage. The bat closely misses you.
Are you sure you want to abandon this character and quit the game? (Confirm with "yes".)

# #..####.#ยง# #
#..##..g..# ,, * #
#).##.#.### * 8 * #
#..##.#.# , ###..##.#(#
, , .....#....# * *
.)........# .#
####.#...##########...#
# #............@b....#
........###############
#########


You could see a bat.

Vanquished Creatures
  An endoplasm (D:1)
  A goblin (D:1)
  A kobold (D:1)
  2 ball pythons (D:1)
  A frilled lizard (D:1)
6 creatures vanquished.

Vanquished Creatures (others)
  15 foxfires (D:1)
15 creatures vanquished.

Grand Total: 21 creatures vanquished

Notes
Turn   | Place    | Note
-------+----------+-------------------------------------------
     0 | D:1      | Ofeo the Meteoran Fire Elementalist began the quest for the
                  | Orb.
     0 | D:1      | Reached XP level 1. HP: 14/14 MP: 5/5
    79 | D:1      | Reached XP level 2. HP: 18/20 MP: 3/6
    94 | D:1      | Quit the game

Illustrated notes

Levels and vault maps discovered:
D:1:      matt_arrival_los_fun, layout_loops_ring,
          shapermc_ecumenical_altar_pompeii

Action                   || total
-------------------------++-------
Melee: Unarmed           ||     4
 Cast: Foxfire           ||     8
Armor: Robe              ||     1
Dodge: Dodged            ||     6
